 Dungeon Crawl Stone Soup version 0.31-a0-523-g071a6c1 (webtiles) character file.

Game seed: 704726873701673391

2888 NoWhammies the Destroyer (level 9, -13/66 HPs)
             Began as a Gnoll Conjurer on Aug 11, 2023.
             Was a Believer of Sif Muna.
             Killed from afar by a gargoyle (21 damage)
             ... with a stone arrow
             ... in a bailey.
             The game lasted 00:13:33 (8190 turns).

NoWhammies the Destroyer (Gnoll Conjurer)           Turns: 8190, Time: 00:13:33

Health: -13/66     AC: 12    Str:  8    XL:     9   Next: 77%
Magic:  6/19       EV: 13    Int: 21    God:    Sif Muna [**....]
Gold:   281        SH:  0    Dex: 10    Spells: 11/21 levels left

rFire   . . .        d - +2 dagger (vamp)
rCold   . . .        (no shield)
rNeg    . . .        f - +0 leather armour {rPois}
rPois   +            t - +0 helmet
rElec   .            (no cloak)
rCorr   .            q - +0 pair of gloves
SInv    +            C - +1 pair of boots
Will    .....        (no amulet)
Stlth   +++          l - ring of see invisible
HPRegen 0.31/turn    a - +4 ring of protection
MPRegen 0.16/turn

%: no passive effects
@: no status effects
A: fangs 1, strong nose, distributed training
a: Renounce Religion, Channel Magic


You were in a bailey.
You worshipped Sif Muna.
Sif Muna was pleased with you.
You visited 2 branches of the dungeon, and saw 8 of its levels.
You also visited: Sewer and Bailey.

You collected 281 gold pieces.

Inventory:

Hand Weapons
 d - a +2 vampiric dagger (weapon)
Armour
 f - a +0 leather armour of poison resistance (worn)
 q - a +0 pair of gloves (worn)
 t - a +0 helmet (worn)
 C - a +1 pair of boots (worn)
Jewellery
 a - a +4 ring of protection (right hand)
 j - a ring of protection from fire
 l - a ring of see invisible (left hand)
 u - a +6 ring of strength
 z - a ring of protection from fire
 B - a ring of protection from fire
Wands
 o - a wand of iceblast (8)
 x - a wand of quicksilver (5)
 E - a wand of polymorph (14)
Scrolls
 i - 2 scrolls of fear
 r - 3 scrolls of immolation
 s - 2 scrolls of noise
 v - a scroll of blinking {unknown}
 w - 3 scrolls of teleportation
 y - a scroll of poison {unknown}
 A - a scroll of vulnerability {unknown}
 D - a scroll of summoning {unknown}
Potions
 b - a potion of magic
 c - 5 potions of heal wounds
 e - 2 potions of curing {unknown}
 g - 3 potions of cancellation
 h - 2 potions of invisibility {unknown}
 k - 3 potions of berserk rage
 m - 2 potions of degeneration {unknown}
 n - 4 potions of mutation {unknown}
 p - 2 potions of enlightenment


   Skills:
 + Level 4.6 Fighting
 + Level 4.6 Short Blades
 + Level 4.6 Long Blades
 + Level 4.6 Axes
 + Level 4.6 Maces & Flails
 + Level 4.6 Polearms
 + Level 4.6 Staves
 + Level 4.6 Ranged Weapons
 + Level 4.6 Throwing
 + Level 4.6 Armour
 + Level 6.6 Dodging
 + Level 6.3 Stealth
 + Level 4.6 Shields
 + Level 4.6 Unarmed Combat
 + Level 6.9 Spellcasting
 + Level 8.2 Conjurations
 + Level 3.8 Hexes
 + Level 3.8 Summonings
 + Level 3.8 Necromancy
 + Level 3.8 Translocations
 + Level 3.8 Transmutations
 + Level 3.8 Fire Magic
 + Level 3.8 Ice Magic
 + Level 3.8 Air Magic
 + Level 3.8 Earth Magic
 + Level 3.8 Poison Magic
 + Level 5.1 Invocations
 + Level 4.6 Evocations
 + Level 3.8 Shapeshifting


You had 11 spell levels left.
You knew the following spells:

 Your Spells              Type           Power      Damage    Failure   Level
a - Magic Dart            Conj           100%       1d8       1%          1
b - Searing Ray           Conj           82%        2d7       1%          2
c - Fulminant Prism       Conj/Hex       16%        3d11      10%         4
d - Ozocubu's Armour      Ice            23%        N/A       8%          3

Your spell library contained the following spells:

 Spells                   Type           Power      Damage    Failure   Level
 Dazzling Flash           Conj/Hex       64%        N/A       3%          3
 Portal Projectile        Hex/Tloc       46%        N/A       8%          3
 Tukima's Dance           Hex            23%        N/A       8%          3
 Iskenderun's Mystic Bla  Conj/Tloc      32%        2d8       10%         4
 Metabolic Englaciation   Hex/Ice        11%        N/A       56%         5
 Simulacrum               Ice/Necr       11%        N/A       98%         6


Dungeon Overview and Level Annotations

Branches:
Dungeon (7/15)             Temple (1/1) D:5           Sewer (visited)
 Bailey (1/1)

Altars:
Ashenzari
Cheibriados
Dithmenos
Elyvilon
Fedhas
Gozag
Hepliaklqana
Kikubaaqudgha
Makhleb
Nemelex Xobeh
Okawaru
Qazlal
Ru
Sif Muna
Trog
Uskayaw
Vehumet
Wu Jian
Xom
Yredelemnul
Zin
The Shining One

Annotations:
D:3 1 runed translucent door, Crazy Yiuf


Innate Abilities, Weirdness & Mutations

You have very sharp teeth.
Your uncanny sense of smell can sniff out nearby items.
Your experience applies equally to all skills.


Message History

The searing ray hits the gargoyle but does no damage.
The gargoyle is heavily damaged. (Press . to maintain the ray.) Unknown command.
The searing ray hits the gargoyle but does no damage.
The gargoyle is heavily damaged.
Unknown command.
The searing ray hits the gargoyle.
The gargoyle is severely damaged.
The gargoyle hits you with a +0 mace.
Unknown command.
Casting: Searing Ray (safe; 1% risk of failure)
Confirm with . or Enter, or press ? or * to list all spells.
Restarting spell: Searing Ray (safe; 1% risk of failure)
Press: ? - help, Shift-Dir - straight line, f/p - gargoyle
Aim: a gargoyle, wielding a +0 mace (severely damaged, 91% to hit)
The searing ray misses the gargoyle. (Press . to maintain the ray.)
The gargoyle hits you with a +0 mace.
Unknown command.
The searing ray hits the gargoyle but does no damage.
The gargoyle is severely damaged.
The gargoyle misses you.
Unknown command.
The searing ray hits the gargoyle but does no damage.
The gargoyle is severely damaged.
The gargoyle hits you with a +0 mace!!
* * * LOW HITPOINT WARNING * * *
Unknown command.
Casting: Searing Ray (safe; 1% risk of failure)
Confirm with . or Enter, or press ? or * to list all spells.
Restarting spell: Searing Ray (safe; 1% risk of failure)
Press: ? - help, Shift-Dir - straight line, f/p - gargoyle
Aim: a gargoyle, wielding a +0 mace (severely damaged, 91% to hit)
The searing ray hits the gargoyle but does no damage.
The gargoyle is severely damaged. (Press . to maintain the ray.)
The gargoyle hurls a stone arrow at you.
The stone arrow hits you!!
You die...

##########
#8......8#∆∆
##.......8#
##...#######
###++##...##....8#
#........)#......#+###
#...9@...........#....
#########....#...#....
#8.....##..##...'....
#......)####....'....
#........#..)####....
##..♣.♣......#..#....
∆ #.......♣...#..#'##'
#.♣.........#.)).#.. ∆
#.........♣.#...)#..


You could see a gargoyle.

Vanquished Creatures
  Grinder (D:3)
  A wyvern (D:7)
  A water moccasin (D:7)
  2 ogres
  A kobold brigand (Sewer)
  A gnoll sergeant (D:5)
  4 scorpions
  9 wights (D:6)
  2 wolf zombies (Bailey)
  7 vampire bats (Bailey)
  A howler monkey (D:5)
  2 jellies (D:4)
  A hound (D:6)
  7 orc priests
  2 gnoll boudas
  2 sleepcaps
  An iguana (D:5)
  7 orc wizards
  16 gnolls
  8 adders
  A river rat (Sewer)
  A white imp (D:5)
  2 ufetubi
  6 worms
  A dart slug (D:1)
  35 orcs
  5 endoplasms
  8 giant cockroaches
  6 goblins
  11 hobgoblins
  A jackal (Sewer)
  3 quokkas
  A ball python (D:3)
  5 bats
  4 frilled lizards
  10 kobolds
  15 orc zombies (Bailey)
  14 rats
205 creatures vanquished.

Notes
Turn   | Place    | Note
-------+----------+-------------------------------------------
     0 | D:1      | NoWhammies the Gnoll Conjurer began the quest for the Orb.
     0 | D:1      | Reached XP level 1. HP: 13/13 MP: 6/6
   212 | D:1      | Reached XP level 2. HP: 19/19 MP: 7/7
   627 | D:1      | Learned a level 2 spell: Searing Ray
  1074 | D:2      | Reached skill level 5 in Spellcasting
  1074 | D:2      | Reached XP level 3. HP: 25/25 MP: 7/9
  1131 | D:2      | Reached skill level 1 in Invocations
  1398 | D:2      | Reached skill level 1 in Fighting
  1398 | D:2      | Reached skill level 1 in Short Blades
  1398 | D:2      | Reached skill level 1 in Long Blades
  1398 | D:2      | Reached skill level 1 in Axes
  1398 | D:2      | Reached skill level 1 in Maces & Flails
  1398 | D:2      | Reached skill level 1 in Polearms
  1398 | D:2      | Reached skill level 1 in Staves
  1398 | D:2      | Reached skill level 1 in Ranged Weapons
  1398 | D:2      | Reached skill level 1 in Throwing
  1398 | D:2      | Reached skill level 1 in Armour
  1398 | D:2      | Reached skill level 1 in Shields
  1398 | D:2      | Reached skill level 1 in Unarmed Combat
  1398 | D:2      | Reached skill level 1 in Evocations
  1493 | D:2      | Reached XP level 4. HP: 21/32 MP: 7/11
  1956 | D:3      | Reached skill level 1 in Hexes
  1956 | D:3      | Reached skill level 1 in Summonings
  1956 | D:3      | Reached skill level 1 in Necromancy
  1956 | D:3      | Reached skill level 1 in Translocations
  1956 | D:3      | Reached skill level 1 in Transmutations
  1956 | D:3      | Reached skill level 1 in Fire Magic
  1956 | D:3      | Reached skill level 1 in Ice Magic
  1956 | D:3      | Reached skill level 1 in Air Magic
  1956 | D:3      | Reached skill level 1 in Earth Magic
  1956 | D:3      | Reached skill level 1 in Poison Magic
  1956 | D:3      | Reached skill level 1 in Shapeshifting
  1990 | D:3      | Reached XP level 5. HP: 6/37 MP: 1/12
  2147 | D:3      | Found a glowing drain.
  2196 | Sewer    | Entered a sewer
  2218 | Sewer    | Learned a level 4 spell: Fulminant Prism
  2298 | Sewer    | Noticed a kobold brigand
  2327 | Sewer    | Killed a kobold brigand
  2328 | Sewer    | Reached skill level 5 in Dodging
  2328 | Sewer    | Reached XP level 6. HP: 32/44 MP: 5/14
  2457 | Sewer    | Found a white marble altar of Elyvilon.
  2832 | D:3      | Noticed Grinder
  2836 | D:3      | Paralysed by Grinder for 3 turns
  2843 | D:3      | Killed Grinder
  2844 | D:3      | Reached XP level 7. HP: 18/51 MP: 4/15
  2996 | D:3      | Found a faded altar of an unknown god.
  3048 | D:3      | Found a runed translucent door.
  3049 | D:3      | Noticed Crazy Yiuf
  4236 | D:4      | Reached skill level 5 in Stealth
  4459 | D:4      | Reached XP level 8. HP: 58/58 MP: 8/16
  4774 | D:5      | Entered Level 5 of the Dungeon
  5058 | D:5      | Found a staircase to the Ecumenical Temple.
  5100 | Temple   | Entered the Ecumenical Temple
  5120 | Temple   | Became a worshipper of Sif Muna the Loreminder
  5956 | D:5      | Found an ornate altar of the Wu Jian Council.
  5966 | D:5      | Found a hazy altar of Hepliaklqana.
  6006 | D:5      | Found a glowing silver altar of Zin.
  6372 | D:6      | Learned a level 3 spell: Ozocubu's Armour
  6433 | D:6      | Reached * piety under Sif Muna
  6520 | D:6      | Reached XP level 9. HP: 63/65 MP: 13/18
  7026 | D:6      | Reached skill level 8 in Conjurations
  7564 | D:7      | Reached ** piety under Sif Muna
  7620 | D:7      | Found a flagged portal.
  7636 | Bailey   | Entered a bailey
  7814 | Bailey   | Reached skill level 5 in Invocations
  8177 | Bailey   | Noticed a gargoyle
  8190 | Bailey   | Killed from afar by a gargoyle

Illustrated notes

Levels and vault maps discovered:
D:1:      kennysheep_arrival_seaside, layout_loops_ring
D:2:      layout_loops_ring
D:3:      layout_basic, dreamdust_ecumenical_altar_sealed_demon,
          portal_sewer_entry_c, nicolae_wormholes, uniq_crazy_yiuf_cottage,
          uniq_grinder
D:4:      layout_loops_ring, minmay_misc_feat_plants
D:5:      layout_loops_corners, grunt_temple_overflow_open,
          minmay_temple_entry_large_hall
D:6:      layout_loops_ring
D:7:      layout_layer_cave, enter_bailey_3, serial_glass, glass_columns_a,
          glass_columns_b
Temple:   hellmonk_temple_of_storms
Bailey:   bailey_polearm_vampire_castle_hellmonk, bailey

Skill      XL: |  1  2  3  4  5  6  7  8  9 |
---------------+----------------------------+-----
Spellcasting   | 5 6 |  6.9
Invocations    | 1 2 3 4 5 |  5.1
Fighting       | 1 2 3 4 |  4.6
Short Blades   | 1 2 3 4 |  4.6
Long Blades    | 1 2 3 4 |  4.6
Axes           | 1 2 3 4 |  4.6
Maces & Flails | 1 2 3 4 |  4.6
Polearms       | 1 2 3 4 |  4.6
Staves         | 1 2 3 4 |  4.6
Ranged Weapons | 1 2 3 4 |  4.6
Throwing       | 1 2 3 4 |  4.6
Armour         | 1 2 3 4 |  4.6
Shields        | 1 2 3 4 |  4.6
Unarmed Combat | 1 2 3 4 |  4.6
Evocations     | 1 2 3 4 |  4.6
Hexes          | 1 2 3 |  3.8
Summonings     | 1 2 3 |  3.8
Necromancy     | 1 2 3 |  3.8
Translocations | 1 2 3 |  3.8
Transmutations | 1 2 3 |  3.8
Fire Magic     | 1 2 3 |  3.8
Ice Magic      | 1 2 3 |  3.8
Air Magic      | 1 2 3 |  3.8
Earth Magic    | 1 2 3 |  3.8
Poison Magic   | 1 2 3 |  3.8
Shapeshifting  | 1 2 3 |  3.8
Dodging        | 5 6 |  6.6
Stealth        | 5 6 |  6.3
Conjurations   | 8 |  8.2

Action                     |  1- 3 |  4- 6 |  7- 9 || total
---------------------------+-------+-------+-------++-------
  Melee: Dagger            |    77 |   105 |   160 ||   342
         Bite              |    11 |     5 |    16 ||    32
         Punch             |     1 |     1 |     3 ||     5
   Cast: Magic Dart        |    27 |     8 |     3 ||    38
         Searing Ray       |     1 |    19 |    85 ||   105
         Ozocubu's Armour  |       |       |     1 ||     1
    Use: Scroll            |       |       |     5 ||     5
         Potion            |       |       |     1 ||     1
   Stab: Sleeping          |     5 |     5 |     7 ||    17
 Armour: Robe              |     2 |       |       ||     2
         Leather armour    |    30 |    25 |   134 ||   189
  Dodge: Dodged            |    67 |    69 |   200 ||   336

Table legend: (Time is in decaauts)
 A = Elapsed time spent in this place.
 B = Non-inter-level travel time spent in this place.
 C = Inter-level travel time spent in this place.
 D = Time resting spent in this place.
 E = Time spent auto-exploring this place.
 F = Levels seen in this place.
 G = Mean time per level.
                   A        B        C        D        E       F      G
               +--------+--------+--------+--------+--------+-----+--------+
         Total |   8196 |   7866 |    330 |     87 |   6068 |  10 |  819.6 |
       Dungeon |   7281 |   6989 |    292 |      0 |   5625 |   7 | 1040.1 |
        Temple |     40 |      2 |     38 |      0 |      0 |   1 |   40.0 |
         Sewer |    333 |    333 |      0 |      0 |    235 |   1 |  333.0 |
        Bailey |    540 |    540 |      0 |     87 |    208 |   1 |  540.0 |
               +--------+--------+--------+--------+--------+-----+--------+

Top non-repeatable levels by time:
     D:5: 1538 daAuts
     D:3: 1466 daAuts
     D:4: 1180 daAuts
     D:6: 1055 daAuts
     D:2: 929 daAuts
     D:1: 879 daAuts
  Bailey: 540 daAuts
   Sewer: 333 daAuts
     D:7: 231 daAuts
  Temple: 40 daAuts
